[Event "*** SCC Grand Prix: Titled Tuesday Blitz"]
[Site "Chess.com"]
[Date "2020.06.09"]
[Round "3"]
[White "Fandorine"]
[Black "Fins0905"]
[Result "1/2-1/2"]
[WhiteElo "2894"]
[BlackElo "2661"]
[TimeControl "180+1"]
[EndTime "9:28:55 PDT"]
[Termination "Game drawn by agreement"]

1. e4 d5 2. exd5 Qxd5 3. Nc3 Qd8 4. Bc4 Nf6 5. Nf3 a6 6. d4 b5 7. Bb3 c5 8. dxc5 Qxd1+ 9. Nxd1 e6 10. Be3 Ne4 11.
c3 Nxc5 12. Bc2 Bb7 13. O-O Be7 14. Nd4 O-O 15. Nb3 Nxb3 16. axb3 Nd7 17. b4 Ne5 18.
Bd4 Nc4 19. Re1 Rfd8 20. Bb3 Rac8 21. Bxc4 Rxc4 22. Ne3 Rcc8 23. Red1 f6 24. Bb6 Rxd1+ 25. Rxd1 Bc6 26. Nc2 Kf7 27. Ra1 Bb7 28. Nd4 e5 29. Nb3 Ke6 30. Bc5 Bd8 31. Be3 Be7 32. Bb6 Bd5 33.
Nc5+ Bxc5 34. Bxc5 Bb7 35. Rd1 Bd5 36. f3 Rc7 37. Kf2 Rd7 38. g3 g5 39. Ke3 Bb7 40.
Rxd7 Kxd7 41. Bb6 1/2-1/2

[Event "*** SCC Grand Prix: Titled Tuesday Blitz"]
[Site "Chess.com"]
[Date "2020.06.09"]
[Round "3"]
[White "cukus"]
[Black "Onischuk_V"]
[Result "0-1"]
[WhiteElo "2470"]
[BlackElo "2884"]
[TimeControl "180+1"]
[EndTime "9:28:55 PDT"]
[Termination "Onischuk_V won on time"]

1. e4 d6 2. d4 Nf6 3. Nc3 g6 4. f3 Bg7 5. Be3 c6 6. Qd2 h6 7. O-O-O b5 8. Kb1 b4 9. Nce2 Qa5 10. Nc1 Nbd7 11. h4 Rb8 12. g4 Qc7 13. Nh3 Nb6 14.
g5 hxg5 15. hxg5 Nh5 16. Qf2 Na4 17. Nb3 c5 18. dxc5 Bxb2 19. Bd4 Nc3+ 20. Bxc3 Bxc3 21.
cxd6 exd6 22. Bd3 Be6 23. f4 Bg7 24. e5 Qc3 25. Qd4 O-O 26. Qxc3 bxc3 27. exd6 Rfd8 28.
f5 gxf5 29. g6 fxg6 30. Ng5 Bd5 31. Rhe1 Bf6 32. Ne6 Rxd6 33. Nc7 Bf7 34. Bb5 Rxd1+ 35. Rxd1 Be5 0-1

[Event "*** SCC Grand Prix: Titled Tuesday Blitz"]
[Site "Chess.com"]
[Date "2020.06.09"]
[Round "3"]
[White "elohunter1999"]
[Black "BJthechessgod"]
[Result "0-1"]
[WhiteElo "2474"]
[BlackElo "2148"]
[TimeControl "180+1"]
[EndTime "9:28:55 PDT"]
[Termination "BJthechessgod won on time"]

1. e4 c5 2. Nf3 Nc6 3. d4 cxd4 4. Nxd4 g6 5. Nc3 Bg7 6. Be3 Nf6 7. Bc4 O-O 8. Bb3 d6 9. f3 Bd7 10. Qd2 Nxd4 11.
Bxd4 b5 12. a4 b4 13. Nd5 Nxd5 14. Bxg7 Kxg7 15. exd5 a5 16. Qd4+ f6 17. h4 Qe8 18.
h5 e5 19. dxe6 Bxe6 20. Bxe6 Qxe6+ 21. Kf2 Rac8 22. Rae1 Rxc2+ 23. Kg3 Qf5 24. Re7+ Kg8 25. Rh4 gxh5 26. Kh2 Qxf3 27. Qg1 Rxb2 28. Rh3 Qf4+ 29.
Kh1 h4 30. Rf3 Qg4 31. Qe3 Rb1+ 32. Kh2 Rf7 33. Rxf7 Kxf7 34. Qa7+ Kg6 0-1

[Event "*** SCC Grand Prix: Titled Tuesday Blitz"]
[Site "Chess.com"]
[Date "2020.06.09"]
[Round "3"]
[White "Haapana"]
[Black "Bastiandash"]
[Result "1/2-1/2"]
[WhiteElo "2404"]
[BlackElo "2173"]
[TimeControl "180+1"]
[EndTime "9:28:55 PDT"]
[Termination "Game drawn by repetition"]

1. d4 Nf6 2. c4 e6 3. Nf3 Bb4+ 4. Nbd2 O-O 5. a3 Be7 6. g3 b6 7. Bg2 Bb7 8. Qc2 c5 9. e4 cxd4 10. e5 Ne8 11. Ng5 Bxg5 12. Bxb7 Nc6 13. Bxa8 Qxa8 14. O-O Nxe5 15. f4 d3 16. Qc3 Be7 17. Qxe5 Bc5+ 18. Rf2 Nf6 19. Qe1 Ng4 20. Ne4 Nxf2 21. Nxf2 Qf3 22. b4 Bd4 23. Ra2 d5 24. cxd5 exd5 25. Kf1 Rc8 26. Bd2 h5 27. h4 Bxf2 28. Qxf2 Qh1+ 29.
Qg1 Qf3+ 30. Qf2 Qh1+ 31. Qg1 Qf3+ 32. Qf2 1/2-1/2

[Event "*** SCC Grand Prix: Titled Tuesday Blitz"]
[Site "Chess.com"]
[Date "2020.06.09"]
[Round "3"]
[White "GoltsevDmitry2000"]
[Black "Mikasinski"]
[Result "1-0"]
[WhiteElo "2624"]
[BlackElo "2413"]
[TimeControl "180+1"]
[EndTime "9:28:56 PDT"]
[Termination "GoltsevDmitry2000 won by resignation"]

1. e4 c5 2. Nf3 d6 3. d4 cxd4 4.
Nxd4 Nf6 5. Nc3 g6 6. Be2 Bg7 7.
O-O O-O 8. Be3 Nc6 9. f4 Qb6 10.
a3 Nxe4 11. Nd5 Qd8 12. Bf3 Nxd4 13. Bxd4 Bxd4+ 14. Qxd4 Nc5 15. Rfe1 Be6 16. b4 Nd7 17. Ne3 Qb6 18. Qxb6 Nxb6 19. Bxb7 Rab8 20. Ba6 Nd7 21. Bd3 Nf6 22. c4 Bd7 23. f5 g5 24. g4 h6 25. h3 Rfe8 26. Rac1 Rbc8 27. c5 dxc5 28. bxc5 Bc6 29. Nc4 Nd5 30. Ne5 Nf4 31. Bf1 Bd5 32. c6 f6 33. Nd7 Bxc6 34. Nxf6+ Kg7 35. Nxe8+ Rxe8 36. Rxc6 1-0

[Event "*** SCC Grand Prix: Titled Tuesday Blitz"]
[Site "Chess.com"]
[Date "2020.06.09"]
[Round "3"]
[White "AradNazari"]
[Black "Papa12341234"]
[Result "0-1"]
[WhiteElo "2405"]
[BlackElo "2608"]
[TimeControl "180+1"]
[EndTime "9:28:56 PDT"]
[Termination "Papa12341234 won on time"]

1. e4 c5 2. Nc3 d6 3. d4 cxd4 4.
Qxd4 Nf6 5. f3 Nc6 6. Qd2 g6 7.
b3 Bg7 8. Bb2 O-O 9. O-O-O a6 10.
Kb1 b5 11. g4 Bb7 12. h4 h5 13.
g5 Nd7 14. f4 Nc5 15. Bg2 Qd7 16. Nge2 Rac8 17. f5 Ne5 18. Rdf1 b4 19. Nd5 Bxd5 20.
Qxd5 e6 21. fxe6 fxe6 22. Qd2 a5 23. Nf4 Rxf4 24. Rxf4 a4 25. Rd1 axb3 26. cxb3 Rc6 27.
Bf1 Rb6 28. Qd4 Kh7 29. Bh3 Rb7 30. Bf1 Qc6 31. Bc4 Ned3 32. Qxg7+ Rxg7 33. Bxg7 Nxf4 34. Rd3 Nfxd3 0-1

[Event "*** SCC Grand Prix: Titled Tuesday Blitz"]
[Site "Chess.com"]
[Date "2020.06.09"]
[Round "3"]
[White "rubhani"]
[Black "Ural_bogatyr"]
[Result "1-0"]
[WhiteElo "2548"]
[BlackElo "2298"]
[TimeControl "180+1"]
[EndTime "9:28:57 PDT"]
[Termination "rubhani won on time"]

1. e4 e5 2. Nf3 Nc6 3. Bb5 Bc5 4. O-O Nf6 5. c3 O-O 6. d4 Bb6 7. Re1 d6 8. h3 a6 9. Ba4 Qe7 10. Be3 Rd8 11. Nbd2 Nb8 12. Qc2 Nbd7 13. Rad1 Ba7 14. Bb3 Nf8 15. dxe5 dxe5 16. Bxa7 Rxa7 17. Nc4 Rxd1 18.
Rxd1 Ng6 19. Ncxe5 Nxe5 20. Nxe5 Ra8 21. Nxf7 Be6 22. Ng5 Bxb3 23. Qxb3+ Kh8 24. e5 Nh5 25. Nf3 Rf8 26. Qd5 Nf4 27. Qd7 Qc5 28. Qg4 Ne2+ 29. Kf1 Qb5 30. c4 Qxb2 31. Rd2 Qc1+ 32. Kxe2 b5 33. cxb5 axb5 34. e6 Re8 35. Ne5 Kg8 36. e7 1-0

[Event "*** SCC Grand Prix: Titled Tuesday Blitz"]
[Site "Chess.com"]
[Date "2020.06.09"]
[Round "3"]
[White "Berardino"]
[Black "TheBigBadChessDad"]
[Result "1-0"]
[WhiteElo "2526"]
[BlackElo "2247"]
[TimeControl "180+1"]
[EndTime "9:28:57 PDT"]
[Termination "Berardino won on time"]

1. e4 e5 2. Bc4 Nf6 3. d3 c6 4. Nf3 d5 5. Bb3 a5 6. a3 a4 7. Ba2 Bd6 8. O-O O-O 9. Nc3 Be6 10. Bg5 d4 11. Ne2 h6 12. Bh4 g5 13. Bg3 Nbd7 14.
Bxe6 fxe6 15. Nexd4 Qe7 16. Ne2 c5 17. c3 c4 18. Re1 cxd3 19. Nc1 Nc5 20. Nxd3 Nfxe4 21. Bxe5 Bxe5 22. Ndxe5 Qg7 23. Qc2 g4 24. Rxe4 Nxe4 25. Qxe4 gxf3 26. Nxf3 Rf6 27. Rd1 Raf8 28. Kh1 b5 29. h3 Qg6 30. Qe2 Qh5 31. Kh2 Qf5 32. Rd4 e5 33. Re4 Re6 34. Nxe5 1-0

[Event "*** SCC Grand Prix: Titled Tuesday Blitz"]
[Site "Chess.com"]
[Date "2020.06.09"]
[Round "3"]
[White "Evgeny_Ermakov1965"]
[Black "theblitzchamp"]
[Result "1-0"]
[WhiteElo "2512"]
[BlackElo "2689"]
[TimeControl "180+1"]
[EndTime "9:28:58 PDT"]
[Termination "Evgeny_Ermakov1965 won on time"]

1. d4 Nf6 2. Bf4 d6 3. e3 Nbd7 4. Nf3 g6 5. h3 Bg7 6. Be2 O-O 7. O-O c6 8. Nbd2 Re8 9. c3 e5 10. Bh2 e4 11. Ne1 d5 12. a4 Nf8 13. b4 h5 14. Qb3 Bd7 15. c4 Ne6 16. b5 h4 17. a5 a6 18. b6 Ng5 19. cxd5 Nxd5 20. Nc4 Nxh3+ 21. gxh3 Bxh3 22. Nd6 Qg5+ 23. Kh1 Bxf1 24.
Bxf1 Re7 25. Bg2 f5 26. Nc4 Kh8 27. Ne5 Bxe5 28. Bxe5+ Kg8 29. Qc2 Qg4 30. Kh2 h3 31. Bf1 g5 32. Qe2 Qh4 33. f3 Rf8 34. Bg3 Qh6 35. f4 Rg7 36. Qf2 gxf4 37. Bxf4 Qh5 38. Be2 Qh7 39. Nc2 Kf7 40. Bg3 Rfg8 41. Rg1 Ke6 42. Na3 Qh6 43. Nc4 Rg5 44. Ne5 Ke7 45. Bh4 Ke6 46. Bxg5 Rxg5 47. Rxg5 Qxg5 48. Qg3 Qxg3+ 49.
Kxg3 Nxe3 50. Bxa6 f4+ 51. Kxh3 Nf5 52. Bxb7 e3 53. Kg2 Nxd4 54. Nf3 1-0

[Event "*** SCC Grand Prix: Titled Tuesday Blitz"]
[Site "Chess.com"]
[Date "2020.06.09"]
[Round "3"]
[White "esrosenberg"]
[Black "Nafania1"]
[Result "0-1"]
[WhiteElo "2215"]
[BlackElo "2421"]
[TimeControl "180+1"]
[EndTime "9:28:58 PDT"]
[Termination "Nafania1 won on time"]

1. Nf3 c5 2. c4 Nc6 3. g3 g6 4.
Bg2 Bg7 5. Nc3 d6 6. O-O Bf5 7. d4 cxd4 8. Nb5 e5 9. Qb3 a6 10. Na3 Rb8 11. Bg5 Nge7 12. Nh4 Bd7 13. f4 O-O 14.
fxe5 dxe5 15. Bd5 Qe8 16. Qb6 Nxd5 17. cxd5 Ne7 18. d6 Nd5 19. Qb3 Be6 20. Qf3 f6 21. Bd2 Qd7 22. Nc4 b5 23. Na5 Qxd6 24.
Rac1 Rbc8 25. a3 Qd7 26. Nb3 Qa7 27. Rxc8 Rxc8 28. Kh1 f5 29. Ng2 Ne7 30. Qf2 Bxb3 31. Bg5 Bd5 32. Rc1 Rxc1+ 33. Bxc1 Qc7 34. Bd2 Qc2 35. Bb4 Nc6 36. h4 Nxb4 37. axb4 Qxb2 38.
Kh2 Qxb4 39. Ne1 e4 40. g4 Qd6+ 41. Kh3 Be6 0-1

[Event "*** SCC Grand Prix: Titled Tuesday Blitz"]
[Site "Chess.com"]
[Date "2020.06.09"]
[Round "3"]
[White "FMalexhdez"]
[Black "GMaka"]
[Result "1/2-1/2"]
[WhiteElo "2108"]
[BlackElo "2336"]
[TimeControl "180+1"]
[EndTime "9:28:58 PDT"]
[Termination "Game drawn by stalemate"]

1. e4 c6 2. d4 d5 3. exd5 cxd5 4. Bd3 Nc6 5. c3 Qc7 6. Ne2 Bd7 7. Bf4 e5 8. dxe5 Nxe5 9. Bxe5 Qxe5 10. Nd2 Bd6 11.
Nf3 Qh5 12. Ng3 Bxg3 13. fxg3 Ne7 14. O-O O-O 15. Nd4 Qxd1 16. Raxd1 Nc6 17. Be2 Rfd8 18.
Bf3 Be6 19. Rfe1 Nxd4 20. Rxd4 Rd7 21. Red1 Rad8 22. Kf2 f6 23. Ke3 Kf7 24. c4 dxc4 25. Rxd7+ Rxd7 26. Rxd7+ Bxd7 27. Bxb7 Ke6 28. Kd4 Kd6 29.
Bd5 Bb5 30. Bxc4 Bc6 31. Bf1 a5 32. g4 g5 33. g3 Bf3 34. h3 Bd1 35. Bd3 h6 36.
Bf5 Bf3 37. h4 Bc6 38. b3 Bb5 39. a3 Bc6 40. b4 axb4 41. axb4 Bb7 42. Bd3 Bc8 43.
Be2 f5 44. gxf5 Bxf5 45. b5 gxh4 46. gxh4 Bc8 47. Ke4 Ke6 48. Kf4 Kf6 49. b6 Bb7 50. Bf3 Ba6 51. b7 Bxb7 52. Bxb7 Kg7 53. Kf5 Kh8 54.
Kf6 Kh7 55. Kf7 Kh8 56. Kg6 h5 57. Be4 Kg8 58. Kh6 Kh8 59. Bg6 Kg8 60. Kxh5 Kh8 61. Kg5 Kg8 62. h5 Kh8 63. h6 Kg8 64. h7+ Kh8 65. Kh6 1/2-1/2

[Event "*** SCC Grand Prix: Titled Tuesday Blitz"]
[Site "Chess.com"]
[Date "2020.06.09"]
[Round "3"]
[White "DACF2905"]
[Black "Nikithebest"]
[Result "0-1"]
[WhiteElo "2232"]
[BlackElo "2447"]
[TimeControl "180+1"]
[EndTime "9:28:59 PDT"]
[Termination "Nikithebest won by resignation"]

1. d4 Nf6 2. c4 c5 3. Nf3 cxd4 4. Nxd4 e5 5. Nb3 d5 6. cxd5 Qxd5 7. Qxd5 Nxd5 8. a3 Nc6 9. g3 Be6 10. N1d2 Be7 11. Bg2 O-O 12. O-O Rac8 13. Ne4 b6 14.
Ng5 Bxg5 15. Bxg5 f6 16. Bc1 a5 17. Nd2 Nd4 18. Bf3 Rc2 19. Kg2 Rfc8 20. Be4 R2c7 21. e3 Nc2 22. Bxc2 Rxc2 23. e4 Ne7 24. Nf3 Nc6 25.
Ne1 Rc4 26. f3 Nd4 27. Be3 Nc2 28. Nxc2 Rxc2+ 29. Rf2 Bh3+ 30. Kg1 Rxf2 31. Bxf2 Rc2 32. b4 axb4 33. axb4 b5 34. Rb1 Kf7 35. f4 h5 36.
fxe5 fxe5 37. Rd1 Ke6 38. Rd5 Rc1+ 39. Be1 Rxe1+ 40. Kf2 Rxe4 41. Rxb5 g6 0-1

[Event "*** SCC Grand Prix: Titled Tuesday Blitz"]
[Site "Chess.com"]
[Date "2020.06.09"]
[Round "3"]
[White "MirMan90"]
[Black "Sychev_Klementy"]
[Result "1-0"]
[WhiteElo "2662"]
[BlackElo "2851"]
[TimeControl "180+1"]
[EndTime "9:29:00 PDT"]
[Termination "MirMan90 won on time"]

1. e4 e5 2. Nf3 Nc6 3. Bb5 a6 4.
Ba4 b5 5. Bb3 Na5 6. O-O d6 7.
d4 exd4 8. Nxd4 Bb7 9. Re1 c5 10.
Bd5 cxd4 11. c3 d3 12. Qxd3 Nf6 13. a4 Qd7 14. Bg5 Be7 15. Bxb7 Qxb7 16. axb5 axb5 17. e5 dxe5 18. Rxe5 O-O 19. Rxb5 Rad8 20. Qf1 Qxb5 21. Qxb5 Rd1+ 22. Qf1 Rxf1+ 23. Kxf1 Nc4 24. b3 Nd6 25. Ra7 Re8 26. f3 Nd5 27. Bxe7 Rxe7 28.
Ra6 Ne8 29. b4 Rc7 30. Ra3 Kf8 31. Ke2 Nd6 32. Kd3 Nf4+ 33. Kc2 Nxg2 34. Nd2 Nb5 35.
Ra8+ Ke7 36. c4 Nd4+ 37. Kd3 Nc6 38. b5 Ne5+ 39. Kd4 f6 40. c5 Nf4 41. Ne4 Ne6+ 42. Kd5 Rd7+ 43. Nd6 Nc7+ 44. Ke4 g6 45. Rh8 Ke6 46.
b6 1-0

[Event "*** SCC Grand Prix: Titled Tuesday Blitz"]
[Site "Chess.com"]
[Date "2020.06.09"]
[Round "3"]
[White "politeplayer"]
[Black "MomchilPetkov"]
[Result "0-1"]
[WhiteElo "2282"]
[BlackElo "2539"]
[TimeControl "180+1"]
[EndTime "9:29:00 PDT"]
[Termination "MomchilPetkov won on time"]

1. e4 c5 2. d4 cxd4 3. c3 a6 4. cxd4 d5 5. exd5 Nf6 6. Nc3 Nxd5 7. Nxd5 Qxd5 8. Nf3 Nc6 9. Be2 Bg4 10. O-O e6 11. h3 Bh5 12. Be3 Be7 13. Qd2 O-O 14. Rfd1 Rac8 15. a3 Na5 16. Rab1 Nb3 17. Qe1 Bg6 18.
Bd3 Bxd3 19. Rxd3 Nc5 20. Rc3 Nd7 21. Rbc1 Rxc3 22. Qxc3 Nb8 23. Ne5 Bd6 24. Nc4 Nc6 25. Nxd6 Qxd6 26. Rd1 Rd8 27. g3 Qd5 28. b4 h5 29. h4 Qf3 30. Rc1 Rd5 31. Qd2 e5 32.
Rc5 exd4 33. Rxd5 Qxd5 34. Bf4 Qe4 35. Bg5 f6 36. Bf4 Kh7 37. a4 b5 38. axb5 axb5 39. Kh2 d3 40. Bd6 Nd4 0-1

[Event "*** SCC Grand Prix: Titled Tuesday Blitz"]
[Site "Chess.com"]
[Date "2020.06.09"]
[Round "3"]
[White "IriBu"]
[Black "Bulldog167"]
[Result "1/2-1/2"]
[WhiteElo "2534"]
[BlackElo "2775"]
[TimeControl "180+1"]
[EndTime "9:29:01 PDT"]
[Termination "Game drawn by repetition"]

1. e4 e6 2. d4 d5 3. Nc3 Bb4 4. e5 c5 5. Bd2 Ne7 6. a3 Bxc3 7. Bxc3 b6 8. Qg4 O-O 9. Nf3 Ba6 10. O-O-O Bxf1 11. Rhxf1 Nbc6 12. Rd3 Nf5 13. Qh3 Rc8 14. dxc5 bxc5 15.
g4 Nfe7 16. Ng5 h6 17. f4 Ng6 18. Kb1 Nxf4 19. Rxf4 Qxg5 20. Rdf3 d4 21. Bd2 Nxe5 22. Rf2 Nc4 23. Bc1 Qg6 24. b3 Rb8 25. g5 Ne3 26. gxh6 Rxb3+ 27. Ka2 Rc3 28. hxg7 Kxg7 29.
Bxe3 Rxc2+ 30. Rxc2 Qxc2+ 31. Ka1 Qc3+ 32. Ka2 Qc2+ 33.
Ka1 Qd1+ 34. Ka2 Qe2+ 35. Ka1 Qe1+ 36. Ka2 Qe2+ 37. Ka1 Qe1+ 38. Ka2 Qe2+ 1/2-1/2

[Event "*** SCC Grand Prix: Titled Tuesday Blitz"]
[Site "Chess.com"]
[Date "2020.06.09"]
[Round "3"]
[White "Vandros57"]
[Black "ketster"]
[Result "0-1"]
[WhiteElo "2251"]
[BlackElo "2452"]
[TimeControl "180+1"]
[EndTime "9:29:01 PDT"]
[Termination "ketster won on time"]

1. d4 Nf6 2. Nf3 d5 3. c4 e6 4. Nc3 dxc4 5. e3 a6 6. Bxc4 b5 7. Bb3 Bb7 8. O-O Nbd7 9. Qe2 c5 10. dxc5 Bxc5 11. Rd1 Qe7 12. h3 O-O 13. Bd2 Rfd8 14. Be1 Rac8 15. Rac1 Nb6 16. a3 Nbd5 17. Nxd5 Nxd5 18.
Ba2 Qf6 19. Ba5 Re8 20. Bc3 Nxc3 21. Rxc3 Bb6 22. Rxc8 Rxc8 23. b4 h6 24. Nd4 Qg6 25. f3 Bxd4 26. Rxd4 Rc2 27. Rd2 Bxf3 28. Rxc2 Bxe2 29.
Rxe2 Qe4 30. Kf2 Qd3 31. e4 Qxa3 32. Bb1 Qxb4 33. e5 a5 34. Bd3 g6 35. g3 a4 36.
h4 a3 37. h5 Kg7 38. hxg6 fxg6 39. Rc2 Qd4+ 40. Ke2 Qxe5+ 41. Kd2 b4 42. Rc4 a2 0-1

[Event "*** SCC Grand Prix: Titled Tuesday Blitz"]
[Site "Chess.com"]
[Date "2020.06.09"]
[Round "3"]
[White "SantoBlue"]
[Black "Lenyas66"]
[Result "1-0"]
[WhiteElo "2795"]
[BlackElo "2572"]
[TimeControl "180+1"]
[EndTime "9:29:02 PDT"]
[Termination "SantoBlue won on time"]

1. e4 e6 2. d4 d5 3. Nd2 Nf6 4. e5 Nfd7 5. Bd3 c5 6. c3 Nc6 7. Ne2 cxd4 8. cxd4 f6 9. exf6 Nxf6 10. Nf3 Bb4+ 11. Bd2 Qb6 12. O-O O-O 13. Bxb4 Qxb4 14. Qc2 h6 15. a3 Qd6 16. Nc3 e5 17. dxe5 Nxe5 18. Nxe5 Qxe5 19. Rfe1 Qd6 20. Nb5 Qb6 21. Qc7 Bd7 22. Qxb6 axb6 23. Nd4 Rfe8 24. f3 Kf7 25. Rxe8 Rxe8 26. Kf2 Ke7 27. Bb5 Kd6 28. Bxd7 Kxd7 29. Rd1 Rc8 30. Rd2 h5 31. h4 Rc4 32. Ke3 g6 33. Rd1 Kd6 34. g3 Ke5 35. Rd2 Rc8 36.
Ne2 Rc4 37. Nf4 Kf5 38. Nxd5 Nxd5+ 39. Rxd5+ Ke6 40. Rb5 Rc6 41. b3 Kf6 42. Ke4 Rd6 43. a4 Rc6 44. g4 hxg4 45. fxg4 Rd6 46. h5 gxh5 47. gxh5 Rc6 48. Rf5+ Kg7 49. Rg5+ Kh7 50. Rg6 Rc5 51. Rxb6 1-0

[Event "*** SCC Grand Prix: Titled Tuesday Blitz"]
[Site "Chess.com"]
[Date "2020.06.09"]
[Round "3"]
[White "novocane"]
[Black "SiddharthGMJagadeesh"]
[Result "0-1"]
[WhiteElo "2196"]
[BlackElo "2424"]
[TimeControl "180+1"]
[EndTime "9:29:03 PDT"]
[Termination "SiddharthGMJagadeesh won by resignation"]

1. d4 Nf6 2. c4 e6 3. Nc3 d5 4. cxd5 exd5 5. Bg5 c6 6. Qc2 Na6 7. e3 Nb4 8. Qd1 a5 9. a3 Na6 10. Bd3 Bd6 11. Nf3 O-O 12. Qc2 h6 13. h4 Nc7 14.
Ne5 Re8 15. f4 Be7 16. O-O-O Ng4 17. Qe2 h5 18. Rde1 b5 19. Qc2 Nxe5 20. dxe5 b4 21. axb4 axb4 22. Na4 Ne6 23. f5 Nxg5 24. hxg5 Bxg5 25.
Rxh5 Rxe5 26. Reh1 Bxe3+ 27. Kb1 Bh6 28. f6 Rxh5 29. Rxh5 Qxf6 30. Rh1 Bg4 31. Nb6 Ra7 32. Qxc6 Qxc6 0-1

[Event "*** SCC Grand Prix: Titled Tuesday Blitz"]
[Site "Chess.com"]
[Date "2020.06.09"]
[Round "3"]
[White "awesomevishesh"]
[Black "iaraldinho"]
[Result "0-1"]
[WhiteElo "2419"]
[BlackElo "2627"]
[TimeControl "180+1"]
[EndTime "9:29:04 PDT"]
[Termination "iaraldinho won by resignation"]

1. d4 f5 2. Nf3 Nf6 3. g3 g6 4. Bg2 Bg7 5. O-O O-O 6. b3 d6 7.
Bb2 e5 8. dxe5 Ng4 9. c4 Nc6 10. h3 Ngxe5 11. Qd2 f4 12. Nc3 Nxf3+ 13. exf3 Nd4 14.
Nd5 Ne6 15. Rae1 Bxb2 16. Qxb2 c6 17. Nc3 Qf6 18. Qd2 Qd4 19. Rd1 c5 20. Nb5 Qxd2 21. Rxd2 a6 22. Nxd6 Nd4 23. Ne4 b6 24. g4 Bb7 25.
Re1 h6 26. b4 Bxe4 27. Rxe4 g5 28. bxc5 bxc5 29. Rexd4 cxd4 30. Rxd4 Rfd8 31. Re4 Re8 32. c5 Rxe4 33. fxe4 Rc8 34. e5 Rxc5 35. e6 Kf8 36. Be4 Ke7 37. Bf5 Ra5 38. Kg2 Rxa2 39. h4 Rb2 40.
hxg5 hxg5 41. Kf3 a5 42. Ke4 a4 0-1

[Event "*** SCC Grand Prix: Titled Tuesday Blitz"]
[Site "Chess.com"]
[Date "2020.06.09"]
[Round "3"]
[White "LileKoridze"]
[Black "GMKrikor"]
[Result "0-1"]
[WhiteElo "2294"]
[BlackElo "2720"]
[TimeControl "180+1"]
[EndTime "9:29:05 PDT"]
[Termination "GMKrikor won on time"]

1. d4 Nf6 2. c4 g6 3. Nc3 d5 4.
Nf3 Bg7 5. Bg5 dxc4 6. e4 c5 7.
d5 b5 8. e5 b4 9. exf6 exf6 10. Be3 bxc3 11. bxc3 O-O 12. Bxc4 Nd7 13. O-O Nb6 14. Bb3 c4 15. Bxb6 Qxb6 16. Bxc4 f5 17. Qd3 Bd7 18. Rab1 Qc5 19. Rb7 Bc8 20. Rb5 Qd6 21.
Rfb1 Rd8 22. h3 Bf6 23. Nd4 Bd7 24. Rb7 Rac8 25. Rxa7 Qc5 26. Rbb7 Be8 27. Bb5 Bxd4 28. Bxe8 Bxf2+ 29. Kh2 Rxe8 30. d6 Qe5+ 31. g3 Rxc3 32.
Qf1 Bxg3+ 33. Kh1 Qe4+ 34. Kg1 Qe3+ 35. Kh1 Rc2 36. Qg1 Qf3+ 0-1

[Event "*** SCC Grand Prix: Titled Tuesday Blitz"]
[Site "Chess.com"]
[Date "2020.06.09"]
[Round "3"]
[White "Oneofmyturns"]
[Black "VALPARAISO37"]
[Result "0-1"]
[WhiteElo "2563"]
[BlackElo "2394"]
[TimeControl "180+1"]
[EndTime "9:29:06 PDT"]
[Termination "VALPARAISO37 won by resignation"]

1. d4 Nf6 2. c4 e6 3. Nc3 Bb4 4. Qc2 d6 5. e4 c5 6. d5 Bxc3+ 7. Qxc3 O-O 8. Bd3 Re8 9. Ne2 Nbd7 10. O-O Ne5 11. Bc2 b5 12. b3 b4 13. Qg3 exd5 14. cxd5 Ba6 15. Re1 Nh5 16. Qh3 Nf6 17. Bb2 Bc8 18.
Qg3 Nh5 19. Qe3 Ng4 20. Qf3 Qh4 21. h3 Ne5 22. Qe3 g5 23. Ng3 Nf4 24. Nf5 Bxf5 25. exf5 f6 26. Be4 Re7 27. Rad1 Rae8 28. Qd2 Qh5 29. f3 Qh4 30. Kf1 Qg3 31. Bc1 Qh2 32. Qf2 Ned3 33. Bxf4 Nxf4 34. Rd2 Re5 35. Ra1 Nh5 36.
Qg1 Ng3+ 37. Kf2 Nxe4+ 38. fxe4 Qf4+ 0-1

[Event "*** SCC Grand Prix: Titled Tuesday Blitz"]
[Site "Chess.com"]
[Date "2020.06.09"]
[Round "3"]
[White "VladimirBelous"]
[Black "PlayChessSimple"]
[Result "1/2-1/2"]
[WhiteElo "2711"]
[BlackElo "2501"]
[TimeControl "180+1"]
[EndTime "9:29:07 PDT"]
[Termination "Game drawn by stalemate"]

1. Nf3 f5 2. d3 d6 3. e4 e5 4. Nc3 Nc6 5. exf5 Nge7 6. d4 exd4 7. Nxd4 Nxd4 8. Qxd4 Nxf5 9. Qe4+ Qe7 10. Bd3 Qxe4+ 11. Bxe4 c6 12. O-O d5 13. Bd3 Bd6 14. Re1+ Kf7 15. Bd2 Bd7 16. Ne2 Rhe8 17. c4 dxc4 18. Bxc4+ Be6 19. Bxe6+ Rxe6 20. g4 Rae8 21. Kf1 Nh4 22.
Nd4 Rxe1+ 23. Rxe1 Rxe1+ 24. Bxe1 Bxh2 25. Nb3 Nf3 26. Na5 Nxe1 27. Kxe1 Be5 28. Nxb7 Bxb2 29. Nd8+ Kf6 30.
Nxc6 a6 31. Ke2 g6 32. a4 h5 33. Kf3 Kg5 34. gxh5 gxh5 35. Nb4 a5 36. Nd5 h4 37. Ne3 Bd4 38. Nc4 h3 39. Nd2 h2 40. Kg2 Bxf2 41. Ne4+ Kf4 42. Nxf2 Ke3 43. Kxh2 Kxf2 44. Kh1 Ke3 45.
Kg1 Kd4 46. Kf1 Kc4 47. Ke1 Kb4 48. Kd1 Kxa4 49. Kc1 Kb3 50. Kb1 a4 51. Ka1 a3 52.
Kb1 a2+ 53. Ka1 Ka3 1/2-1/2

[Event "*** SCC Grand Prix: Titled Tuesday Blitz"]
[Site "Chess.com"]
[Date "2020.06.09"]
[Round "3"]
[White "guillembaches"]
[Black "Man-Chuk"]
[Result "0-1"]
[WhiteElo "2489"]
[BlackElo "2762"]
[TimeControl "180+1"]
[EndTime "9:29:09 PDT"]
[Termination "Man-Chuk won on time"]

1. e4 e5 2. Nf3 Nc6 3. Nc3 Nf6 4. d4 exd4 5. Nxd4 Bb4 6. Nxc6 bxc6 7. Bd3 O-O 8. O-O d5 9. Bd2 Bg4 10. Qc1 Rb8 11. Re1 Re8 12. a3 Bf8 13. exd5 cxd5 14.
Rxe8 Qxe8 15. Bg5 Qe6 16. Qf4 Bd6 17. Qc1 Qe5 18. g3 Bf3 19. Bf4 Qe6 20. Bxd6 Qxd6 21.
Nb5 Qe5 22. Qe3 Qxe3 23. fxe3 Rb7 24. Nd4 Be4 25. b4 g6 26. h3 Rb8 27. Rf1 Kg7 28. g4 h6 29. Kf2 Re8 30. Rb1 Nd7 31. a4 c5 32. bxc5 Nxc5 33. Bb5 Rc8 34. Bc6 Ne6 35. Bb7 Rc7 36. Nc6 d4 0-1

[Event "*** SCC Grand Prix: Titled Tuesday Blitz"]
[Site "Chess.com"]
[Date "2020.06.09"]
[Round "3"]
[White "VincentKeymer"]
[Black "woodhy"]
[Result "1-0"]
[WhiteElo "2753"]
[BlackElo "2454"]
[TimeControl "180+1"]
[EndTime "9:29:09 PDT"]
[Termination "VincentKeymer won by checkmate"]

1. Nf3 b6 2. d4 Bb7 3. c4 Nf6 4. g3 e6 5. Bg2 Be7 6. O-O O-O 7.
Nc3 Ne4 8. Bd2 f5 9. d5 Bf6 10. Ne1 Nxc3 11. Bxc3 Bxc3 12. bxc3 Qf6 13. Qd2 Na6 14.
Nd3 Nc5 15. Nxc5 bxc5 16. Rab1 Rab8 17. Rb5 Ba6 18. Rxc5 Rfc8 19. dxe6 dxe6 20. Qd7 Qf7 21. Qd4 Rb6 22. a4 Rd6 23. Qe5 Qd7 24. a5 Kf7 25. h4 Rb8 26. e4 g6 27. h5 Rb2 28. h6 Kg8 29. exf5 gxf5 30. Qf6 Qf7 31. Qg5+ Kf8 32. Bh3 Qg6 33. Qxg6 hxg6 34. Rxc7 Kg8 35. Bg2 Rdd2 36. Bf3 e5 37. Bd5+ Kh8 38. Rc6 Bb7 39. Rxg6 Bxd5 40. cxd5 Rxd5 41. Rf6 Rxa5 42. Rd1 Kh7 43. Rd7+ Kg8 44.
h7+ Kh8 45. Rf8# 1-0

[Event "*** SCC Grand Prix: Titled Tuesday Blitz"]
[Site "Chess.com"]
[Date "2020.06.09"]
[Round "3"]
[White "SavelievAlexei"]
[Black "MarceloPlaya"]
[Result "0-1"]
[WhiteElo "2426"]
[BlackElo "2245"]
[TimeControl "180+1"]
[EndTime "9:29:10 PDT"]
[Termination "MarceloPlaya won on time"]

1. e4 e6 2. d4 d5 3. Nc3 Bb4 4. e5 c5 5. Bd2 cxd4 6. Nb5 Bxd2+ 7. Qxd2 Nc6 8. f4 Nge7 9. Nd6+ Kf8 10. Nf3 Nf5 11. Nxf5 exf5 12. Bd3 Be6 13. O-O g6 14. h3 h5 15. a3 Kg7 16. b4 a6 17. Rfd1 Qe7 18. Bf1 Rhc8 19. Ra2 b5 20. Bd3 a5 21. Bxb5 axb4 22. a4 Na5 23. Nxd4 Nc4 24. Qd3 Qc5 25. Kh2 Rc7 26. Rb1 Bd7 27. Bxd7 Rxd7 28. Nb5 d4 29. Re1 Qd5 30. Raa1 Ne3 31. Re2 Rc8 32. Rb1 Rc3 33. Nxc3 bxc3 34. Rxe3 dxe3 35. Qxd5 Rxd5 36. Kg1 Rd2 37.
a5 Rxc2 38. Ra1 Rb2 39. a6 c2 40. Kh2 Rb1 0-1